 Dungeon Crawl Stone Soup version 0.19.4-8-ga85b6b9 (webtiles) character file.

135 vatarom the Twirler (level 4, -1/35 HPs)
             Began as a Demonspawn Gladiator on Feb 12, 2017.
             Was an Initiate of Qazlal.
             Succumbed to a scorpion's poison
             ... on level 4 of the Dungeon.
             The game lasted 00:03:57 (2246 turns).

vatarom the Twirler (Demonspawn Gladiator)          Turns: 2246, Time: 00:03:58

Health: -1/35      AC:  6    Str: 20    XL:     4   Next: 97%
Magic:  5/6        EV: 13    Int:  9    God:    Qazlal [......]
Gold:   109        SH:  0    Dex: 17    Spells: 0 memorised, 3 levels left

rFire  . . .     SeeInvis .     a - +0 quarterstaff
rCold  . . .     Gourm    .     b - +0 leather armour
rNeg   . . .     Faith    .     (shield currently unavailable)
rPois  .         Spirit   .     c - +0 helmet
rElec  .         Reflect  .     i - +0 cloak
rCorr  .         Harm     .     (no gloves)
MR     .....                    (no boots)
Stlth  +.........               (no amulet)
                                (no ring)
                                (no ring)

@: mighty, lethally poisoned (-1 -> -10), slowed, very slow
A: rugged brown scales 1, agile 1
a: Renounce Religion


You were on level 4 of the Dungeon.
You worshipped Qazlal.
Qazlal was noncommittal.
You were hungry.

You visited 1 branch of the dungeon, and saw 4 of its levels.

You collected 109 gold pieces.

Inventory:

Hand Weapons
 a - a +0 quarterstaff (weapon)
Missiles
 d - 3 throwing nets (quivered)
Armour
 b - a +0 leather armour (worn)
 c - a +0 helmet (worn)
 i - a +0 cloak (worn)
Wands
 l - a wand of slowing (20/48)
Scrolls
 e - 2 scrolls of magic mapping
 h - 2 scrolls of identify
 k - a scroll of immolation {unknown}
 n - a scroll of blinking
Potions
 m - a potion of might
Comestibles
 f - 3 bread rations
 g - a slice of pizza
 j - 3 royal jellies


   Skills:
 + Level 2.4 Fighting
 - Level 4.3 Staves
 - Level 1.7 Throwing
 - Level 2.6 Dodging
 * Level 3.1 Invocations


You had 3 spell levels left.
You didn't know any spells.

Dungeon Overview and Level Annotations

Branches:
Dungeon (4/15)
 Temple: D:4-7

Altars:
Qazlal

Shops:
D:4 [


Innate Abilities, Weirdness & Mutations

You are partially covered in rugged brown scales. (AC +1, +3% HP)
You are agile. (Dex +2)


Message History

You see here a scorpion corpse.
Evoke which item? (* to show all) (? for menu, Esc to quit)
Okay, then.
There is a lethal amount of poison in your body!
Evoke which item? (* to show all) (? for menu, Esc to quit)
Zapping:
l - a wand of slowing (will waste charges)
Press: ? - help, Shift-Dir - straight line, f - you Really target yourself?
You feel yourself slow down.
Evoking this partially-identified wand wasted a few charges.
* * * LOW HITPOINT WARNING * * *
You feel sick.
* * * LOW HITPOINT WARNING * * *
You feel sick.
* * * LOW HITPOINT WARNING * * *
You feel sick.
Found a slice of pizza.
* * * LOW HITPOINT WARNING * * *
You feel sick.
You die...

### #.. #.# #.#
#.#### ### #.#..
..# #.#.####.#
####@#.#....#
#.........#<#
#......†..#.#
#......)#.#.#
%.......<%..#.#
.....>...?.###.#
............ #.#
...........#.#.#
...........#.#.#


There were no monsters in sight!

Vanquished Creatures
  A scorpion (D:4)
  5 adders
  3 worms (D:2)
  An orc (D:4)
  4 goblins
  6 hobgoblins
  4 jackals (D:3)
  4 kobolds
  A ball python (D:1)
  2 bats
  4 frilled lizards
  3 rats (D:1)
38 creatures vanquished.

Notes
Turn   | Place    | Note
-------+----------+-------------------------------------------
     0 | D:1      | vatarom the Demonspawn Gladiator began the quest for the Orb.
     0 | D:1      | Reached XP level 1. HP: 16/16 MP: 1/1
    81 | D:1      | Reached skill level 3 in Staves
    98 | D:1      | Gained mutation: You are partially covered in rugged brown scales. (AC +1, +3% HP) [demonic ancestry]
    98 | D:1      | Reached XP level 2. HP: 13/22 MP: 2/2
   971 | D:2      | Reached XP level 3. HP: 10/27 MP: 3/3
  1297 | D:2      | Reached skill level 4 in Staves
  1469 | D:3      | Found a stormy altar of Qazlal.
  1477 | D:3      | Became a worshipper of Qazlal Stormbringer
  1491 | D:3      | Reached skill level 1 in Invocations
  1657 | D:3      | Reached XP level 4. HP: 27/33 MP: 3/5
  1667 | D:3      | Gained mutation: You are agile. (Dex +2) [potion of beneficial mutation]
  2221 | D:4      | Found Awiu's Antique Armour Emporium.
  2245 | D:4      | HP: 1/35 [poisoned by a scorpion]
  2246 | D:4      | Succumbed to a scorpion's poison

Skill      XL: |  1  2  3  4 |
---------------+-------------+-----
Staves         | 3 4 |  4.3
Invocations    | 1 3 |  3.1
Fighting       | |  2.4
Throwing       | |  1.7
Dodging        | |  2.6

Action                   |  1- 3 |  4- 6 || total
-------------------------+-------+-------++-------
Melee: Quarterstaff      |   106 |    32 ||   138
       Hand axe          |     2 |       ||     2
Evoke: Wand              |       |     1 ||     1
  Use: Scroll            |     5 |     1 ||     6
       Potion            |     6 |     2 ||     8
 Stab: Sleeping          |     1 |     1 ||     2
  Eat: Chunk             |     3 |     1 ||     4
Armor: Leather armour    |    32 |     4 ||    36
Dodge: Dodged            |    79 |    25 ||   104
